 Dungeon Crawl Stone Soup version 0.29.0-4-gdea44cf6ec (webtiles) character file.

Game seed: 13365699217933163570

42 qw the Chopper (level 3, -2/21 HPs)
             Began as a Tengu Warper on Aug 28, 2022.
             Frozen to death by an endoplasm (4 damage)
             ... on level 2 of the Dungeon.
             The game lasted 00:00:06 (1032 turns).

qw the Chopper (Tengu Warper)                       Turns: 1032, Time: 00:00:06

Health: -2/21      AC:  8    Str: 13    XL:     3   Next: 56%
Magic:  7/7        EV: 11    Int: 13    God:
Gold:   84         SH:  0    Dex: 13    Spells: 6/6 levels left

rFire   . . .      SeeInvis .   Y - +0 hand axe
rCold   . . .      Faith    .   (no shield)
rNeg    . . .      Spirit   .   e - +0 ring mail
rPois   .          Reflect  .   (helmet restricted)
rElec   .          Harm     .   d - +2 cloak
rCorr   .          Rampage  .   (no gloves)
Will    +....                   (boots unavailable)
Stlth   +.........              (no amulet)
HPRegen 0.07/turn               g - ring of willpower
MPRegen 0.10/turn               (no ring)

@: about to teleport
A: beak, talons 3
a: no special abilities


You were on level 2 of the Dungeon.
You visited 1 branch of the dungeon, and saw 2 of its levels.

You collected 84 gold pieces.


Innate Abilities, Weirdness & Mutations

You have a beak for a mouth.
You have claws for feet.


   Skills:
 - Level 2.0 Fighting
 + Level 4.2 Axes
 - Level 1.0 Throwing
 - Level 1.1 Armour
 - Level 2.1 Dodging
 - Level 2.0 Spellcasting
 - Level 2.4 Translocations


You had 6 spell levels left.
You didn't know any spells.
Your spell library contained the following spells:

 Spells                   Type           Power      Damage    Failure   Level
 Blink                    Tloc           14%        N/A       30%         2
 Gell's Gravitas          Tloc           7%         N/A       52%         3
 Lesser Beckoning         Tloc           7%         N/A       52%         3
 Teleport Other           Tloc           7%         N/A       52%         3
 Manifold Assault         Tloc           7%         N/A       99%         5

Inventory:

Hand Weapons
 f - a +0 club
 Y - a +0 hand axe (weapon)
Armour
 d - a +2 cloak (worn)
 e - a +0 ring mail (worn)
Jewellery
 g - a ring of willpower (left hand)
Potions
 b - a potion of heal wounds {unknown}
 i - a potion of flight {unknown}
 l - a potion of haste {unknown}
 q - 2 potions of curing

Dungeon Overview and Level Annotations

Branches:
Dungeon (2/15)

Altars:


Message History

You throw a javelin. The javelin pierces through the gnoll.
The gnoll is moderately wounded.
A gnoll comes into view. It is wielding a +0 spear. x2
The gnoll hits you with a +0 club.
1025 ||| Stepping ~*~*~tactically~*~*~ (stealth).
The gnoll attacks as you move away! The gnoll hits you with a +0 club.
An endoplasm comes into view.
You closely miss the gnoll.
The endoplasm quivers.
You claw the gnoll.
The gnoll is heavily wounded.
The gnoll barely misses you.
You hit the gnoll but do no damage. Your kick misses the gnoll.
The gnoll is heavily wounded.
The gnoll barely misses you.
The gnoll shouts!
You hit the gnoll.
The gnoll is almost dead.
You hit the gnoll.
You hear a shout!
The gnoll barely misses you. The gnoll misses you.
You hit the gnoll but do no damage. You claw the gnoll.
You kill the gnoll!
You hit the gnoll but do no damage. The gnoll completely misses you.
A rat comes into view.
You hit the gnoll but do no damage.
The gnoll is lightly wounded.
The gnoll hits you with a +0 spear!
1031 ||| READING scroll of teleportation.
As you read the scroll of teleportation, it crumbles to dust.
You feel strangely unstable. The gnoll hits you with a +0 spear.
You hit the gnoll.
The gnoll is moderately wounded.
You hit the endoplasm. The gnoll hits you but does no damage.
The endoplasm freezes you.
You are frozen.
You die...

### . .. ..# .###.
#># .... # #.# #..#
#g #.# #..# #.g
######.#####..# ..
#.J...........#
#(.#.#@####.#....<.#
#..grg)...#.#.######
#...#.#.#.....# #..
##.##.#.#.. ... ##
#.....## ). #.#####
# #. . #


You could see 2 gnolls, an endoplasm and a rat.

Vanquished Creatures
  A gnoll (D:2)
  2 dart slugs (D:1)
  3 ball pythons (D:1)
  4 endoplasms (D:1)
  A giant cockroach (D:1)
  4 goblins (D:1)
  2 hobgoblins (D:1)
  A quokka (D:1)
  4 bats (D:1)
  2 frilled lizards
  2 rats
26 creatures vanquished.

Notes
Turn   | Place    | Note
-------+----------+-------------------------------------------
     0 | D:1      | qw the Tengu Warper began the quest for the Orb.
     0 | D:1      | Reached XP level 1. HP: 12/12 MP: 4/4
     0 | D:1      | 0 ||| qw: Version: 0.1-a-89-g26bdef1
     0 | D:1      | 0 ||| qw: Game counter: 2962
     0 | D:1      | 0 ||| qw: Always use a shield: true
     0 | D:1      | 0 ||| qw: God list: Okawaru
     0 | D:1      | 0 ||| qw: Allow faded altars: false
     0 | D:1      | 0 ||| qw: Do Orc after D:15 true
     0 | D:1      | 0 ||| qw: Do second Lair branch before Depths: true
     0 | D:1      | 0 ||| qw: Lair rune preference: random
     0 | D:1      | 0 ||| qw: Plans: Normal
     0 | D:1      | 0 ||| PLANNING D:1-11
    78 | D:1      | 78 ||| Stepping ~*~*~tactically~*~*~ (stealth).
    79 | D:1      | 79 ||| Stepping ~*~*~tactically~*~*~ (stealth).
    81 | D:1      | 81 ||| Stepping ~*~*~tactically~*~*~ (hiding).
    96 | D:1      | Reached XP level 2. HP: 11/17 MP: 6/6
   242 | D:1      | Reached skill level 3 in Axes
   323 | D:1      | 323 ||| Stepping ~*~*~tactically~*~*~ (hiding).
   604 | D:1      | Reached XP level 3. HP: 21/21 MP: 7/7
   735 | D:1      | 735 ||| Stepping ~*~*~tactically~*~*~ (stealth).
   737 | D:1      | 737 ||| Stepping ~*~*~tactically~*~*~ (stealth).
   828 | D:1      | 828 ||| UPGRADING to +2 cloak.
   833 | D:1      | 833 ||| UPGRADING to +0 ring mail.
   843 | D:1      | 843 ||| DROPPING +0 leather armour.
   844 | D:1      | 844 ||| UPGRADING to ring of willpower.
   845 | D:1      | 845 ||| READING 2 scrolls labelled GUTSIT ULOLISK.
   850 | D:1      | 850 ||| READING scroll labelled GYNGEMMOJU.
   851 | D:1      | 851 ||| READING scroll labelled UBOUFF GILAD.
   974 | D:1      | 974 ||| READING scroll labelled ORESASKATSE.
   975 | D:1      | 975 ||| READING scroll labelled NITUKU YDWETWU.
   976 | D:1      | 976 ||| DRINKING 2 fuming white potions.
   977 | D:1      | 977 ||| DRINKING 3 orange potions.
   978 | D:1      | 978 ||| DROPPING scroll of blinking.
   979 | D:1      | 979 ||| DROPPING potion of invisibility.
  1017 | D:2      | Reached skill level 4 in Axes
  1018 | D:2      | 1018 ||| Stepping ~*~*~tactically~*~*~ (stealth).
  1025 | D:2      | 1025 ||| Stepping ~*~*~tactically~*~*~ (stealth).
  1030 | D:2      | HP: 5/21 [gnoll/+0 spear (8)]
  1031 | D:2      | 1031 ||| READING scroll of teleportation.
  1031 | D:2      | HP: 2/21 [gnoll/+0 spear (3)]
  1032 | D:2      | Frozen to death by an endoplasm

Levels and vault maps discovered:
D:1:      dpeg_arrival_rhombi, layout_basic, minmay_octomino_e4
D:2:      layout_loops_ring, basic_altar, minmay_stone_trees_medium,
          uniq_sigmund, uniq_natasha

Skill      XL: |  1  2  3 |
---------------+----------+-----
Axes           | 3 4 |  4.2
Fighting       | |  2.0
Throwing       | |  1.0
Armour         | |  1.1
Dodging        | |  2.1
Spellcasting   | |  2.0
Translocations | |  2.4

Action                   || total
-------------------------++-------
Melee: Hand axe          ||    36
       Kick              ||    12
       Peck              ||     5
       Punch             ||     1
Throw: Javelin           ||    15
       Boomerang         ||     7
  Use: Scroll            ||     6
       Potion            ||     2
Armor: Leather armour    ||     5
       Ring mail         ||     1
Dodge: Dodged            ||    20

Table legend:
 A = Non-vault XP
 B = Vault XP
 C = Vault XP percentage of total XP
 D = Non-vault monster count
 E = Vault monster count
 F = Vault count percentage of total count
                 A         B        C        D         E       F
            +---------+---------+-------+---------+---------+-------
      Total |      58 |       3 |   4.9 |      24 |       2 |   7.7
            +---------+---------+-------+---------+---------+-------
        D:1 |      41 |       3 |   6.8 |      21 |       2 |   8.7
        D:2 |      17 |       0 |   0.0 |       3 |       0 |   0.0
            +---------+---------+-------+---------+---------+-------
